 Dungeon Crawl Stone Soup version 0.31.0-1-g2c135a0 (webtiles) character file.

Game seed: 2515398905937262044

177 nerdeater69 the Conjurer (level 5, -4/28 HPs)
             Began as a Deep Elf Conjurer on Apr 23, 2024.
             Slain by Radamante's ghost (9 damage)
             ... on level 3 of the Dungeon.
             The game lasted 00:10:05 (2713 turns).

nerdeater69 the Conjurer (Deep Elf Conjurer)        Turns: 2713, Time: 00:10:05

Health: -4/28      AC:  7    Str:  4    XL:     5   Next: 31%
Magic:  0/14       EV: 12    Int: 26    God:
Gold:   82         SH:  0    Dex: 13    Spells: 1/13 levels left

rFire   . . .        i - +2 dagger (speed)
rCold   . . .        (no shield)
rNeg    . . .        n - +1 toga "Victory" {*Victory Int+1 Slay+1 Clar}
rPois   .            (no helmet)
rElec   .            c - +2 cloak
rCorr   .            d - +0 pair of gloves
SInv    .            (no boots)
Will    .....        (no amulet)
Stlth   ++           (no ring)
HPRegen 0.24/turn    (no ring)
MPRegen 0.14/turn

%: clarity
@: untranslocatable, immotile, very slightly contaminated
A: no striking features
a: no special abilities


You were on level 3 of the Dungeon.
You visited 1 branch of the dungeon, and saw 3 of its levels.

You collected 82 gold pieces.

Inventory:

Hand Weapons
 i - a +2 dagger of speed (weapon)
Missiles
 l - 3 poisoned darts
Armour
 a - a +0 robe
 c - a +2 cloak (worn)
 d - a +0 pair of gloves (worn)
 j - the +0 scale mail of Mehed {rF- rC++ rN+ Slay+2}
   (You found it on level 2 of the Dungeon)

   Slay+2:    It affects your accuracy & damage with ranged weapons and melee
   (+2).
   rF-:       It makes you vulnerable to fire.
   rC++:      It greatly protects you from cold.
   rN+:       It protects you from negative energy.
 n - the +1 toga "Victory" (worn) {*Victory Int+1 Slay+1 Clar}
   (You found it on level 2 of the Dungeon)

   *Victory:  When the wearer kills a threatening monster, it has a chance to
   gain +1 AC, +1 Slay, and +1 Int, capping at +7.
   When the wearer uses a scroll or a potion with a hostile monster in sight,
   its bonuses reset to +0.
   Unequipping it also resets its bonuses to +0.
   Int+1:     It affects your intelligence (+1).
   Slay+1:    It affects your accuracy & damage with ranged weapons and melee
   (+1).
   Clar:      It protects you from confusion, rage, mesmerisation and fear.
Magical Staves
 h - a staff of air
Talismans
 u - a beast talisman
Scrolls
 g - 3 scrolls of fear {unknown}
 o - a scroll of immolation {unknown}
 p - a scroll of enchant weapon
 q - a scroll of identify
 r - a scroll of revelation {unknown}
Potions
 b - a potion of magic
 e - 2 potions of brilliance {unknown}
 f - 5 potions of curing
 k - a potion of resistance {unknown}
 m - a potion of experience {unknown}
 s - 2 potions of heal wounds {unknown}
 t - a potion of degeneration {unknown}


   Skills:
 - Level 2.8 Dodging
 - Level 2.8 Stealth
 + Level 4.8 Spellcasting
 + Level 6.2 Conjurations


You had one spell level left.
You knew the following spells:

 Your Spells              Type           Power      Damage    Failure   Level
a - Magic Dart            Conj           100%       1d8       1%          1
b - Searing Ray           Conj           78%        2d7       1%          2
c - Necrotise             Necr           24%        1d5       8%          1
d - Fulminant Prism       Conj/Alch      11%        3d9       22%         4
e - Iskenderun's Mystic   Conj/Tloc      22%        2d6       22%         4

Your spell library contained the following spells:

 Spells                   Type           Power      Damage    Failure   Level
 Sting                    Conj/Alch      88%        1d8       2%          1
 Apportation              Tloc           12%        N/A       8%          1
 Summon Small Mammal      Summ           24%        N/A       8%          1
 Call Canine Familiar     Summ           6%         N/A       24%         3
 Summon Blazeheart Golem  Fire/Summ      6%         N/A       61%         4


Dungeon Overview and Level Annotations

Branches:
Dungeon (3/15)

Altars:

Shops:
D:1 :

Annotations:
D:3 Radamante's ghost, amateur HuFi


Message History

The adder bites you but does no damage. Radamante's ghost hits you.
Casting: Necrotise (safe; 8% risk of failure)
Confirm with . or Enter, or press ? or * to list all spells.
Aiming: Necrotise (safe; 8% risk of failure)
Press: ? - help, Shift-Dir - straight line, f/p - adder
Aim: an adder (severely wounded, chance to affect: 62%)
The adder resists with significant effort.
You feel sick. The adder barely misses you.
The adder bites you but does no damage. Radamante's ghost hits you.
* * * LOW HITPOINT WARNING * * *
You feel sick.
Casting: Necrotise (safe; 8% risk of failure)
Confirm with . or Enter, or press ? or * to list all spells.
Aiming: Searing Ray (safe; 1% risk of failure)
Press: ? - help, Shift-Dir - straight line, p - adder The searing ray hits the adder!
You kill the adder!
The searing ray hits Radamante's ghost.
Radamante's ghost is lightly damaged. (Press . to maintain the ray.)
You feel sick.
Casting: Searing Ray (safe; 1% risk of failure)
Confirm with . or Enter, or press ? or * to list all spells.
You miscast Iskenderun's Mystic Blast.
You are very lightly contaminated with residual magic.
Space twists in upon itself.
You are magically locked in place.
You feel sick.
Radamante's ghost hits you but does no damage.
Casting: Iskenderun's Mystic Blast (extremely dangerous; 22% risk of failure)
Confirm with . or Enter, or press ? or * to list all spells.
You don't have enough magic to cast this spell.
You cannot move.
You hit Radamante's ghost.
Radamante's ghost is lightly damaged.
You feel sick.
You are no longer poisoned.
You cannot move.
You barely miss Radamante's ghost.
Radamante's ghost is lightly damaged.
Radamante's ghost hits you!
You die...

#~~~#..#######'##
#~~~#..#
#......###
#~(~#..#
#......÷†.
#~~~#..#
#......###
#~~~#..# #......#
# #~~~#..#
#......# # #.
#††~#..# #......#
# #..##W##..#
#......# #
#....@....#
#......# #
#.........#
#......# #
#.........# #
########'## #
####..## #......#
#......#
#......####
#......'..########


You could see Radamante's ghost.

Vanquished Creatures
  An ogre (D:3)
  2 adders
  2 dart slugs
  2 ribbon worms
  2 ball pythons (D:2)
  4 endoplasms
  7 giant cockroaches
  12 goblins
  4 hobgoblins
  4 kobolds
  5 quokkas
  7 bats
  2 frilled lizards
  11 rats
65 creatures vanquished.

Notes
Turn   | Place    | Note
-------+----------+-------------------------------------------
     0 | D:1      | nerdeater69 the Deep Elf Conjurer began the quest for the
                  | Orb.
     0 | D:1      | Reached XP level 1. HP: 10/10 MP: 6/6
   246 | D:1      | Reached XP level 2. HP: 15/15 MP: 4/8
   762 | D:1      | Reached skill level 5 in Conjurations
   802 | D:1      | Found Revups's Book Shoppe.
  1005 | D:1      | Reached XP level 3. HP: 19/19 MP: 7/9
  1246 | D:1      | Found a faded altar of an unknown god.
  1410 | D:2      | Identified the +0 scale mail of Mehed {rF- rC++ rN+ Slay+2}
  1786 | D:2      | Found the +0 toga "Victory" {*Victory Clar}
  1802 | D:2      | Learned a level 2 spell: Searing Ray
  2280 | D:3      | Reached XP level 4. HP: 24/24 MP: 7/11
  2453 | D:3      | Noticed an ogre
  2456 | D:3      | Killed an ogre
  2457 | D:3      | Reached skill level 6 in Conjurations
  2457 | D:3      | Reached XP level 5. HP: 24/28 MP: 7/14
  2550 | D:3      | Learned a level 1 spell: Necrotise
  2555 | D:3      | Learned a level 4 spell: Fulminant Prism
  2560 | D:3      | Learned a level 4 spell: Iskenderun's Mystic Blast
  2592 | D:3      | Found a runed translucent door.
  2695 | D:3      | Noticed Radamante's ghost (amateur HuFi)
  2713 | D:3      | Slain by Radamante's ghost

Illustrated notes

Levels and vault maps discovered:
D:1:      minmay_arrival_five_plusses, layout_loops_corners,
          hellmonk_ecumenical_altar_defaced_shrine, serial_shops, shop
D:2:      layout_loops_cross, grunt_ministairs_13
D:3:      layout_basic, dancing_weapons_uskayaw, ebering_ghost_sewer_f,
          minmay_ogre_servants

Skill      XL: |  1  2  3  4 |
---------------+-------------+-----
Conjurations   | 5 6 |  6.2
Spellcasting   | 4 |  4.8
Dodging        | |  2.8
Stealth        | |  2.8

Action                     |  1- 3 |  4- 6 || total
---------------------------+-------+-------++-------
  Melee: Dagger            |       |     2 ||     2
   Cast: Magic Dart        |    86 |    11 ||    97
         Searing Ray       |       |     4 ||     4
         Necrotise         |       |     4 ||     4
    Use: Scroll            |     2 |       ||     2
 Armour: Robe              |     4 |    12 ||    16
  Dodge: Dodged            |     2 |     3 ||     5
